Map: Ley Lines

Players

ManlyManMeat

  • Race: Terran Terran
  • League: Platinum
  • Spawn Location: 7:00

VOD

Have the link to the VOD?

Description

Time

  • Played on: June 21, 2025, 2:54 p.m.
  • Length: 11:19
Show
View Real Time Build Order
Export as new Build Order

ManlyManMeat Terran 

Build Orders:  

Get SALT Encoding   

  12  0:00  SCV  
  13  0:17  SCV  
  14  0:24  Supply Depot  
  14  0:34  SCV  
  15  0:54  SCV  
  15  0:59  Barracks  
  16  1:06  Refinery  
  16  1:11  SCV  
  17  1:28  SCV  
  18  1:45  SCV  
  19  2:06  Orbital Command  
  20  2:12  Reaper  
  20  2:19  Command Center  
  20  2:29  Supply Depot  
  20  2:44  SCV  
  21  2:52  Marine  
  22  3:01  SCV  
  22  3:10  Factory  
  22  3:18  SCV  
  23  3:26  Barracks Reactor  
  23  3:32  Unknown  
  23  3:45  Command Center  
  23  3:54  SCV  
  23  3:59  Orbital Command  
  24  4:11  SCV  
  24  4:16  Barracks  
  25  4:28  SCV  
  26  4:31  Barracks Tech Lab  
  26  4:38  Hellion x2  
  30  4:43  SCV  
  30  4:45  Stimpack  
  31  4:58  SCV  
  32  5:00  SCV  
  32  5:02  Refinery  
  32  5:09  Hellion x2  
  37  5:15  Marine  
  38  5:22  SCV x2  
  38  5:29  Orbital Command  
  40  5:32  Barracks Reactor  
  40  5:44  Refinery, Hellion  
  40  5:45  Marine  
  40  5:47  Hellion  
  45  6:08  SCV x2  
  47  6:10  SCV  
  47  6:16  Marine  
  47  6:19  Hellion  
  51  6:20  Hellion  
  51  6:22  Starport  
  51  6:26  Barracks  
  51  6:28  Marine x2  
  55  6:37  Supply Depot x2  
  55  6:38  SCV  
  56  6:41  SCV  
  56  6:42  SCV  
  58  6:50  Marine  
  59  7:04  SCV x2  
  59  7:07  SCV  
  62  7:10  Supply Depot  
  62  7:11  Supply Depot  
  62  7:15  Marine  
  62  7:17  Engineering Bay  
  63  7:21  Armory  
  63  7:26  Widow Mine  
  63  7:31  Marine  
  63  7:38  Barracks Tech Lab  
  66  7:40  Marine  
  66  7:41  SCV  
  66  7:42  SCV x2  
  70  7:53  Supply Depot  
  70  7:54  Terran Infantry Weapons Level 1  
  70  7:55  Supply Depot  
  70  7:56  Orbital Command  
  70  7:58  SCV  
  71  8:01  SCV  
  71  8:08  Barracks Reactor  
  72  8:12  Medivac x2  
  72  8:14  Marine  
  77  8:33  Barracks  
  77  8:35  Barracks  
  77  8:39  Marine  
  78  8:43  Factory Tech Lab  
  78  8:57  SCV  
  78  8:58  SCV x2  
  81  9:02  Supply Depot  
  81  9:04  Supply Depot  
  81  9:05  Marine x2  
  81  9:08  Marauder x2  
  87  9:11  Siege Tank  
  87  9:12  Medivac x2  
  87  9:14  SCV x2  
  96  9:22  SCV  
  97  9:31  SCV  
  97  9:34  Marine  
  97  9:35  Supply Depot, Marine  
  97  9:38  Marine  
  101  9:42  SCV x2  
  101  9:43  Marine  
  101  9:44  Marine x2  
  101  9:48  SCV  
  107  9:51  Supply Depot  
  107  9:54  Medivac x2  
  107  9:59  SCV x2  
  113  10:01  Refinery  
  113  10:02  Marine  
  113  10:03  Marine  
  113  10:09  Supply Depot  
  115  10:13  Marine x2  
  115  10:15  Marauder x2  
  121  10:23  Supply Depot  
  121  10:34  Marine x2  
  121  10:38  Marine x2  
Tags
 
League
Platinum
Matchup
Co-op
Replay Pack
Myownreplay2
Add a new tag
Caveats
  • Supply blocks, unpowered buildings, or Contaminate may cause inaccurate times.
  • Supply counts are checked every 10 seconds.